TOP OF THE 1ST |
---|
Balzac Rams batting - Pitching for Bismark Border Guards : RHP Marcos Medina | Pitching: RHP Marcos Medina | | Batting: RHB Ricardo Muñóz | 0-0: Reached on error, E3 (Groundball, 34) | Batting: RHB Bill Pike | 0-0: Ball 1-0: Swinging Strike 1-1: Swinging Strike 1-2: Strikes out swinging | Batting: RHB Ken Longoria | 0-0: Ball 1-0: Foul Ball, location: 2F 1-1: Called Strike 1-2: Ball 2-2: Ball 3-2: Base on Balls Ricardo Muñóz to second | Batting: RHB Santiago Rivera | 0-0: Ball 1-0: Ball 2-0: SINGLE (Flyball, 8LS) Ricardo Muñóz to third Ken Longoria to second Runner from 3rd tries for Home, SAFE, throw made home | Batting: RHB Lorenzo Silva | 0-0: Ball 1-0: Ball 2-0: SINGLE (Line Drive, 89S) Ken Longoria to third Santiago Rivera to second Runner from 3rd tries for Home, SAFE, no throw | Batting: LHB Troy Jackson | 0-0: Swinging Strike 0-1: Foul Ball, location: 2F 0-2: Strikes out swinging | Batting: LHB Carlos Romero | 0-0: Foul Ball, location: 2F 0-1: Foul Ball, location: 2F 0-2: Ball 1-2: Ball 2-2: Strikes out looking | Top of the 1st over - 2 runs, 2 hits, 1 error, 2 left on base; Balzac 2 - Bismark 0 | BOTTOM OF THE 1ST |
---|
Bismark Border Guards batting - Pitching for Balzac Rams : LHP Miguel Muñíz | Pitching: LHP Miguel Muñíz | | Batting: RHB Cipriano Baca | 0-0: Ball 1-0: Foul Ball, location: 2F 1-1: Ground out 3-1 (Groundball, 34S) | Batting: RHB Alfredo Farías | 0-0: Called Strike 0-1: Ball 1-1: Ball 2-1: Swinging Strike 2-2: Ball 3-2: Foul Ball, location: 2F 3-2: SINGLE (Line Drive, 56D) | Batting: RHB Vincent Braun | 0-0: Called Strike 0-1: Grounds into double play, 5-4-3 (Groundball, 56) | Bottom of the 1st over - 0 runs, 1 hit, 0 errors, 0 left on base; Balzac 2 - Bismark 0 | TOP OF THE 2ND |
---|
Balzac Rams batting - Pitching for Bismark Border Guards : RHP Marcos Medina | Batting: RHB Félix Quintero | 0-0: Ball 1-0: Called Strike 1-1: Ball 2-1: Called Strike 2-2: Strikes out looking | Batting: RHB Josh Baker | 0-0: Called Strike 0-1: Called Strike 0-2: Ball 1-2: Strikes out looking | Batting: RHB Ricardo Muñóz | 0-0: Ball 1-0: Swinging Strike 1-1: Swinging Strike 1-2: Ball 2-2: Ball 3-2: TRIPLE (Flyball, 9LD) | Batting: RHB Bill Pike | 0-0: Ground out 6-3 (Groundball, 56) | Top of the 2nd over - 0 runs, 1 hit, 0 errors, 1 left on base; Balzac 2 - Bismark 0 | BOTTOM OF THE 2ND |
---|
Bismark Border Guards batting - Pitching for Balzac Rams : LHP Miguel Muñíz | Batting: RHB Jeremiah Soto | 0-0: Ball 1-0: DOUBLE (Line Drive, 9LM) | Batting: LHB Carlos Valentín | 0-0: Ball 1-0: Swinging Strike 1-1: Foul Ball, location: 2F 1-2: Strikes out swinging | Batting: RHB Richie Sawyer | 0-0: Fly out, F3 (Line Drive, 3) | Batting: RHB José Vidal | 0-0: Ball 1-0: Swinging Strike 1-1: Foul Ball, location: 2F 1-2: Ball 2-2: Ball 3-2: Base on Balls | Batting: RHB Ricardo Ruíz | 0-0: Ball 1-0: Called Strike 1-1: Foul Ball, location: 2F 1-2: Foul Ball, location: 2F 1-2: Strikes out swinging | Bottom of the 2nd over - 0 runs, 1 hit, 0 errors, 2 left on base; Balzac 2 - Bismark 0 | TOP OF THE 3RD |
---|
Balzac Rams batting - Pitching for Bismark Border Guards : RHP Marcos Medina | Batting: RHB Ken Longoria | 0-0: Called Strike 0-1: Ball 1-1: Foul Ball, location: 2F 1-2: Foul Ball, location: 2F 1-2: Foul Ball, location: 2F 1-2: Fly out, F4 (Line Drive, 4) | Batting: RHB Santiago Rivera | 0-0: Ball 1-0: Foul Ball, location: 2F 1-1: Foul Ball, location: 2F 1-2: Ball 2-2: Foul Ball, location: 2F 2-2: Foul Ball, location: 2F 2-2: Ball 3-2: DOUBLE (Flyball, 8RD) | Batting: RHB Lorenzo Silva | 0-0: Foul Ball, location: 2F 0-1: Foul Ball, location: 2F 0-2: Ball 1-2: Ball 2-2: Strikes out swinging | Batting: LHB Troy Jackson | 0-0: SINGLE (Line Drive, 89S) Santiago Rivera to third Runner from 3rd tries for Home, SAFE, throw made home | Batting: LHB Carlos Romero | 0-0: Ball 1-0: Ball 2-0: Called Strike 2-1: Foul Ball, location: 2F 2-2: Strikes out swinging | Top of the 3rd over - 1 run, 2 hits, 0 errors, 1 left on base; Balzac 3 - Bismark 0 | BOTTOM OF THE 3RD |
---|
Bismark Border Guards batting - Pitching for Balzac Rams : LHP Miguel Muñíz | Batting: SHB Troy Holland | 0-0: Ball 1-0: Ball 2-0: Called Strike 2-1: Foul Ball, location: 2F 2-2: Ball 3-2: Strikes out looking | Batting: RHB Cipriano Baca | 0-0: Ball 1-0: Ground out 6-3 (Groundball, 6) | Batting: RHB Alfredo Farías | 0-0: Called Strike 0-1: Ball 1-1: Foul Ball, location: 2F 1-2: Strikes out swinging | Bottom of the 3rd over - 0 runs, 0 hits, 0 errors, 0 left on base; Balzac 3 - Bismark 0 | TOP OF THE 4TH |
---|
Balzac Rams batting - Pitching for Bismark Border Guards : RHP Marcos Medina | Batting: RHB Félix Quintero | 0-0: Ball 1-0: Foul Ball, location: 2F 1-1: Ball 2-1: Ball 3-1: Called Strike 3-2: Foul Ball, location: 2F 3-2: Base on Balls | Pitching: RHP Steve Benson | | Batting: RHB Josh Baker | 0-0: Ball 1-0: Swinging Strike 1-1: Swinging Strike 1-2: Ball 2-2: Ball 3-2: Strikes out swinging | Batting: RHB Ricardo Muñóz | 0-0: Foul Ball, location: 2F 0-1: Called Strike 0-2: SINGLE (Groundball, 4MD) Félix Quintero to second | Batting: RHB Bill Pike | 0-0: Ball 1-0: Fly out, F8 (Flyball, 8LD) | Batting: RHB Ken Longoria | 0-0: Ball 1-0: SINGLE (Flyball, 78S) Félix Quintero to third Ricardo Muñóz to second Runner from 3rd tries for Home, SAFE, throw made home | Batting: RHB Santiago Rivera | 0-0: Fielders Choice at 2nd, 5-4 (Groundball, 56) | Top of the 4th over - 1 run, 2 hits, 0 errors, 2 left on base; Balzac 4 - Bismark 0 | BOTTOM OF THE 4TH |
---|
Bismark Border Guards batting - Pitching for Balzac Rams : LHP Miguel Muñíz | Batting: RHB Vincent Braun | 0-0: Foul Ball, location: 2F 0-1: Ball 1-1: Swinging Strike 1-2: Fly out, F7 (Line Drive, 78S) | Batting: RHB Jeremiah Soto | 0-0: Called Strike 0-1: Ball 1-1: Ball 2-1: Ball 3-1: Foul Ball, location: 2F 3-2: Foul Ball, location: 2F 3-2: Foul Ball, location: 2F 3-2: Foul Ball, location: 2F 3-2: Foul Ball, location: 2F 3-2: Fly out, F7 (Flyball, 7LD) | Batting: LHB Carlos Valentín | 0-0: Ball 1-0: Ground out 4-3 (Groundball, 4) | Bottom of the 4th over - 0 runs, 0 hits, 0 errors, 0 left on base; Balzac 4 - Bismark 0 | TOP OF THE 5TH |
---|
Balzac Rams batting - Pitching for Bismark Border Guards : RHP Steve Benson | Batting: RHB Lorenzo Silva | 0-0: Ball 1-0: Foul Ball, location: 2F 1-1: Hit by Pitch | Batting: LHB Troy Jackson | 0-0: SINGLE (Line Drive, 6MD) Lorenzo Silva to second | Batting: LHB Carlos Romero | 0-0: Ball 1-0: Called Strike 1-1: Grounds into double play, 6-4-3 (Groundball, 6) Lorenzo Silva to third | Batting: RHB Félix Quintero | 0-0: Ball 1-0: Called Strike 1-1: Fly out, F7 (Flyball, 7) | Top of the 5th over - 0 runs, 1 hit, 0 errors, 1 left on base; Balzac 4 - Bismark 0 | BOTTOM OF THE 5TH |
---|
Bismark Border Guards batting - Pitching for Balzac Rams : LHP Miguel Muñíz | Batting: RHB Richie Sawyer | 0-0: Reached on error, E5 (Groundball, 56) | Batting: RHB José Vidal | 0-0: Fielders Choice at 2nd, 4-6 (Groundball, 34) | Batting: RHB Ricardo Ruíz | 0-0: Called Strike 0-1: Foul Ball, location: 2F 0-2: Ball 1-2: Strikes out swinging | Batting: SHB Troy Holland | 0-0: Ball 1-0: Fielders Choice at 2nd, 6-4 (Groundball, 6) | Bottom of the 5th over - 0 runs, 0 hits, 1 error, 1 left on base; Balzac 4 - Bismark 0 | TOP OF THE 6TH |
---|
Balzac Rams batting - Pitching for Bismark Border Guards : RHP Steve Benson | Batting: RHB Josh Baker | 0-0: Called Strike 0-1: Ball 1-1: Called Strike 1-2: Foul Ball, location: 2F 1-2: SINGLE (Groundball, 56D) | Batting: RHB Ricardo Muñóz | 0-0: Ball 1-0: Ball 2-0: Ball 3-0: Base on Balls Josh Baker to second | Pitching: RHP Brandon Sweet | | Batting: RHB Bill Pike | 0-0: Called Strike 0-1: Swinging Strike 0-2: Ball 1-2: Grounds into double play, U5-3 (Groundball, 5L) Ricardo Muñóz to second | Batting: RHB Ken Longoria | 0-0: Called Strike 0-1: Ground out 3-1 (Groundball, 34) | Top of the 6th over - 0 runs, 1 hit, 0 errors, 1 left on base; Balzac 4 - Bismark 0 | BOTTOM OF THE 6TH |
---|
Bismark Border Guards batting - Pitching for Balzac Rams : LHP Miguel Muñíz | Batting: RHB Cipriano Baca | 0-0: Ball 1-0: Foul Ball, location: 2F 1-1: Called Strike 1-2: Ground out 5-3 (Groundball, 56) | Batting: RHB Alfredo Farías | 0-0: Foul Ball, location: 2F 0-1: Foul Ball, location: 2F 0-2: Ball 1-2: Strikes out swinging | Batting: RHB Vincent Braun | 0-0: Called Strike 0-1: Ball 1-1: Swinging Strike 1-2: Fly out, F7 (Flyball, 7LM) | Bottom of the 6th over - 0 runs, 0 hits, 0 errors, 0 left on base; Balzac 4 - Bismark 0 | TOP OF THE 7TH |
---|
Balzac Rams batting - Pitching for Bismark Border Guards : RHP Brandon Sweet | Batting: RHB Santiago Rivera | 0-0: Called Strike 0-1: Called Strike 0-2: Ball 1-2: SINGLE (Line Drive, 8RS) | Batting: RHB Lorenzo Silva | 0-0: Ground out 5-3 (Groundball, 5S) Santiago Rivera to second | Batting: LHB Troy Jackson | 0-0: Ball 1-0: Swinging Strike 1-1: Called Strike 1-2: Strikes out swinging | Batting: LHB Carlos Romero | 0-0: Ball Wild Pitch! Santiago Rivera to third 1-0: Called Strike 1-1: Called Strike 1-2: Ball 2-2: DOUBLE (Flyball, 8RXD) Santiago Rivera scores | Batting: RHB Félix Quintero | 0-0: Ball 1-0: Ball 2-0: SINGLE (Line Drive, 34) Carlos Romero to third Runner from 3rd tries for Home, SAFE, throw made home | Batting: RHB Josh Baker | 0-0: Called Strike 0-1: Fly out, F6 (Line Drive, 6) | Top of the 7th over - 2 runs, 3 hits, 0 errors, 1 left on base; Balzac 6 - Bismark 0 | BOTTOM OF THE 7TH |
---|
Bismark Border Guards batting - Pitching for Balzac Rams : LHP Miguel Muñíz | Batting: RHB Jeremiah Soto | 0-0: Ball 1-0: Ball 2-0: Ball 3-0: Base on Balls | Pitching: LHP Ben Turner | | Batting: LHB Carlos Valentín | 0-0: Ball 1-0: DOUBLE (Line Drive, 9LM) Jeremiah Soto to third Runner from 3rd tries for Home, SAFE, no throw | Batting: RHB Richie Sawyer | 0-0: Called Strike 0-1: DOUBLE (Line Drive, 8LD) Carlos Valentín scores | Batting: RHB José Vidal | 0-0: Ball 1-0: Foul Ball, location: 2F 1-1: Ball 2-1: Called Strike 2-2: Foul Ball, location: 2F 2-2: Foul Ball, location: 2F 2-2: Fly out, F9 (Line Drive, 89S) | Batting: RHB Ricardo Ruíz | 0-0: Called Strike 0-1: Ball 1-1: Foul Ball, location: 2F 1-2: Ground out 4-3 (Groundball, 4M) Richie Sawyer to third | Batting: SHB Troy Holland | 0-0: Called Strike 0-1: Fly out, F8 (Flyball, 89M) | Bottom of the 7th over - 2 runs, 2 hits, 0 errors, 1 left on base; Balzac 6 - Bismark 2 | TOP OF THE 8TH |
---|
Balzac Rams batting - Pitching for Bismark Border Guards : RHP Brandon Sweet | Pitching: RHP Esteban Corona | | Batting: RHB Ricardo Muñóz | 0-0: Swinging Strike 0-1: Ball 1-1: Foul Ball, location: 2F 1-2: Strikes out swinging | Pitching: RHP Jeff Alexander | | Batting: RHB Bill Pike | 0-0: Ball 1-0: Ball 2-0: Ball 3-0: Base on Balls | Batting: RHB Ken Longoria | 0-0: Called Strike 0-1: Foul Ball, location: 2F 0-2: Foul Ball, location: 2F 0-2: Ball 1-2: Foul Ball, location: 2F 1-2: Strikes out swinging | Batting: RHB Santiago Rivera | 0-0: Ball 1-0: Swinging Strike 1-1: Ball 2-1: Foul Ball, location: 2F 2-2: Ball Bill Pike is caught stealing 2nd base | Top of the 8th over - 0 runs, 0 hits, 0 errors, 0 left on base; Balzac 6 - Bismark 2 | BOTTOM OF THE 8TH |
---|
Bismark Border Guards batting - Pitching for Balzac Rams : LHP Ben Turner | Batting: RHB Cipriano Baca | 0-0: Ball 1-0: Ground out 1-3 (Groundball, 15S) | Batting: RHB Alfredo Farías | 0-0: Swinging Strike 0-1: Foul Ball, location: 2F 0-2: Ball 1-2: Foul Ball, location: 2F 1-2: Strikes out swinging | Batting: RHB Vincent Braun | 0-0: Called Strike 0-1: Called Strike 0-2: Ball 1-2: Ball 2-2: Ball 3-2: SINGLE (Flyball, 89M) | Batting: RHB Jeremiah Soto | 0-0: Ball 1-0: Ball 2-0: Ball 3-0: Base on Balls Vincent Braun to second | Batting: LHB Carlos Valentín | 0-0: Called Strike 0-1: Ball 1-1: Ball 2-1: Swinging Strike 2-2: Strikes out looking | Bottom of the 8th over - 0 runs, 1 hit, 0 errors, 2 left on base; Balzac 6 - Bismark 2 | TOP OF THE 9TH |
---|
Balzac Rams batting - Pitching for Bismark Border Guards : RHP Jeff Alexander | Batting: RHB Santiago Rivera | 0-0: Called Strike 0-1: Ball 1-1: Foul Ball, location: 2F 1-2: Ball 2-2: SINGLE (Groundball, 6MD) | Batting: RHB Lorenzo Silva | 0-0: Ball 1-0: Grounds into double play, 4-6-3 (Groundball, 4) | Batting: LHB Troy Jackson | 0-0: Ball 1-0: Called Strike 1-1: Ball 2-1: Ground out 4-3 (Groundball, 4M) | Top of the 9th over - 0 runs, 1 hit, 0 errors, 0 left on base; Balzac 6 - Bismark 2 | BOTTOM OF THE 9TH |
---|
Bismark Border Guards batting - Pitching for Balzac Rams : LHP Ben Turner | Pitching: LHP Martin Balsano | | Batting: RHB Richie Sawyer | 0-0: Called Strike 0-1: Foul Ball, location: 2F 0-2: Fly out, F8 (Flyball, 8LS) | Batting: RHB José Vidal | 0-0: Foul Ball, location: 2F 0-1: Ball 1-1: Ball 2-1: Ball 3-1: SINGLE (Groundball, 56D) | Batting: RHB Ricardo Ruíz | 0-0: Foul Ball, location: 2F 0-1: Fly out, F8 (Flyball, 8LS) | Batting: SHB Troy Holland | 0-0: Ball 1-0: Called Strike 1-1: Ball Passed Ball! José Vidal to second 2-1: Foul Ball, location: 2F 2-2: Ball 3-2: DOUBLE (Flyball, 9LD) José Vidal scores | Batting: RHB Cipriano Baca | 0-0: Ball 1-0: Foul Ball, location: 2F 1-1: Foul Ball, location: 2F 1-2: Ball 2-2: Ball 3-2: SINGLE (Line Drive, 8LS) Troy Holland to third Troy Holland scores | Batting: RHB Alfredo Farías | 0-0: Called Strike 0-1: Ball 1-1: Ball 2-1: Called Strike 2-2: Foul Ball, location: 2F 2-2: Ground out 4-3 (Groundball, 34) | Bottom of the 9th over - 2 runs, 3 hits, 0 errors, 1 left on base; Balzac 6 - Bismark 4 | |